 Dungeon Crawl Stone Soup version 0.29.1-2-gbd0b4ee654 (webtiles) character file.

Game seed: 4239949090424691153

594 croobank the Ruffian (level 7, 0/52 HPs)
             Began as a Minotaur Transmuter on Nov 19, 2022.
             Was a Follower of Hepliaklqana.
             Slain by Menkaure (12 damage)
             ... on level 5 of the Dungeon.
             The game lasted 00:53:54 (4836 turns).

croobank the Ruffian (Minotaur Transmuter)          Turns: 4836, Time: 00:53:55

Health: 0/52       AC:  3    Str: 15    XL:     7   Next: 16%
Magic:  7/9        EV: 13    Int: 12    God:    Hepliaklqana [*.....]
Gold:   29         SH:  0    Dex: 10    Spells: 4/11 levels left

rFire   . . .      SeeInvis +   e - +0 war axe
rCold   + . .      Faith    .   (no shield)
rNeg    . . .      Spirit   .   a - +0 robe
rPois   .          Reflect  .   (helmet restricted)
rElec   .          Harm     .   (no cloak)
rCorr   .          Rampage  .   (no gloves)
Will    .....                   m - +0 pair of boots {Fly}
Stlth   +.........              (no amulet)
HPRegen 0.17/turn               i - ring of see invisible
MPRegen 0.11/turn               o - ring of protection from cold

@: wereblooded, flying
A: reduced essence, horns 2, retaliatory headbutt
a: Renounce Religion, Recall Ancestor, Ancestor Identity


You were on level 5 of the Dungeon.
You worshipped Hepliaklqana.
Hepliaklqana was aware of your devotion.
You visited 1 branch of the dungeon, and saw 5 of its levels.

You collected 248 gold pieces.
You spent 219 gold pieces at shops.

Inventory:

Hand Weapons
 e - a +0 war axe (weapon)
 j - a +2 mace of holy wrath
 n - a +0 quarterstaff
 p - a +0 rapier of protection
 q - a +0 long sword
Armour
 a - a +0 robe (worn)
 c - a +0 ring mail
 k - a scarf of harm
 m - a +0 pair of boots of flying (worn)
Jewellery
 i - a ring of see invisible (left hand)
 o - a ring of protection from cold (right hand)
Wands
 u - a wand of polymorph (7)
Scrolls
 r - 3 scrolls of blinking
 v - 2 scrolls of enchant armour
 w - a scroll of teleportation
Potions
 b - 2 potions of lignification
 d - a potion of haste
 f - a potion of attraction
 h - a potion of heal wounds
 l - a potion of berserk rage
 s - 2 potions of curing


   Skills:
 + Level 3.9 Fighting
 + Level 4.2 Dodging
 + Level 4.8 Unarmed Combat
 + Level 2.6 Spellcasting
 + Level 3.1 Transmutations
 + Level 1.3 Ice Magic


You had 4 spell levels left.
You knew the following spells:

 Your Spells              Type           Power      Damage    Failure   Level
a - Beastly Appendage     Tmut           18%        N/A       7%          1
b - Wereblood             Tmut           9%         N/A       11%         2
c - Ice Form              Ice/Tmut       6%         N/A       71%         4

Your spell library contained the following spells:

 Spells                   Type           Power      Damage    Failure   Level
 Poisonous Vapours        Pois/Air       2%         N/A       36%         2
 Spider Form              Tmut/Pois      5%         N/A       38%         3
 Corpse Rot               Necr/Pois/Air  1%         N/A       95%         4


Dungeon Overview and Level Annotations

Branches:
Dungeon (5/15)
 Temple: D:4-7

Altars:
Fedhas
Hepliaklqana
Nemelex Xobeh
Okawaru
Trog
Wu Jian
Yredelemnul
The Shining One

Shops:
D:4 *?

Annotations:
D:4 1 runed translucent door, Crazy Yiuf
D:5 2 runed translucent doors, Menkaure


Innate Abilities, Weirdness & Mutations

Your life essence is reduced to manifest your ancestor. (-10% HP)
You have a pair of horns on your head.
You reflexively headbutt those who attack you in melee.


Message History

There are monsters nearby!
The iguana barely misses Andrew Joseph.
You swap places.
The iguana barely misses you.
Casting: Wereblood (safe; 11% risk of failure)
Confirm with . or Enter, or press ? or * to list all spells.
You miscast Beastly Appendage.
You are very lightly contaminated with residual magic.
Nothing appears to happen.
Andrew Joseph hits the iguana but does no damage.
The iguana bites you.
You completely miss the iguana.
Andrew Joseph hits the iguana but does no damage.
Menkaure calls on the powers of darkness!
The iguana convulses!
Your body is wracked with pain!
The iguana completely misses you. You furiously retaliate!
You headbutt the iguana, but do no damage.
Andrew Joseph closely misses the iguana.
You slash the iguana!
The iguana is almost dead.
The iguana barely misses you.
Menkaure mumbles some strange words.
Menkaure seems to speed up.
Andrew Joseph hits the iguana.
The iguana dies!
Casting: Beastly Appendage (safe; 7% risk of failure)
Confirm with . or Enter, or press ? or * to list all spells.
Your blood is infused with primal strength.
Menkaure gestures at you while chanting.
You struggle to resist.
Found a potion of curing.
Menkaure hits Andrew Joseph!
Your magical contamination has completely faded away.
Menkaure hits Andrew Joseph!
Andrew Joseph hits Menkaure!
Menkaure hits you!
* * * LOW HITPOINT WARNING * * *
Andrew Joseph hits Menkaure but does no damage.
You barely miss Menkaure. You punch Menkaure.
Menkaure is heavily damaged.
Menkaure hits you.
* * * LOW HITPOINT WARNING * * *
Andrew Joseph hits Menkaure.
Menkaure hits you!
You die...

....)....+..g
..........+.
..[.......# .8
........<.## !8#
...........######
..................
..................
.......R......####
#.....M@.........
###.####...$..###
#. #.###.## ..# .#
.## ## #. ..


You could see the friendly Andrew Joseph the ancestor and Menkaure (fast, ally
target).

Vanquished Creatures
  Sigmund (D:4)
  Blork the orc (D:4)
  A quasit (D:4)
  A hound (D:4)
  Natasha (twice) (D:3)
  Robin (D:4)
  4 adders
  5 shadow imps (D:4)
  3 white imps (D:4)
  5 ufetubi (D:4)
  2 worms
  A dart slug (D:3)
  An orc (D:3)
  6 endoplasms
  4 giant cockroaches
  14 goblins
  11 hobgoblins
  5 kobolds
  5 quokkas
  6 ball pythons
  7 bats
  4 frilled lizards
  6 rats (D:1)
96 creatures vanquished.

Vanquished Creatures (collateral kills)
  An iguana (D:5)
  Ijyb (D:4)
  A hobgoblin (D:4)
3 creatures vanquished.

Vanquished Creatures (others)
  5 demonic plants (D:4)
5 creatures vanquished.

Grand Total: 104 creatures vanquished

Notes
Turn   | Place    | Note
-------+----------+-------------------------------------------
     0 | D:1      | croobank the Minotaur Transmuter began the quest for the
                  | Orb.
     0 | D:1      | Reached XP level 1. HP: 16/16 MP: 1/1
   367 | D:1      | Reached XP level 2. HP: 19/23 MP: 0/3
   786 | D:1      | Learned a level 2 spell: Wereblood
   943 | D:1      | Reached XP level 3. HP: 29/29 MP: 2/4
  1228 | D:2      | Found a faded altar of an unknown god.
  2252 | D:3      | Found a glowing golden altar of the Shining One.
  2252 | D:3      | Found a sparkling altar of Nemelex Xobeh.
  2252 | D:3      | Found an iron altar of Okawaru.
  2252 | D:3      | Found a basalt altar of Yredelemnul.
  2252 | D:3      | Found a hazy altar of Hepliaklqana.
  2252 | D:3      | Found a blossoming altar of Fedhas.
  2252 | D:3      | Found a bloodstained altar of Trog.
  2257 | D:3      | Became a worshipper of Hepliaklqana the Forgotten
  2272 | D:3      | Reached XP level 4. HP: 35/36 MP: 2/5
  2935 | D:3      | Noticed Natasha
  2944 | D:3      | Killed Natasha
  3222 | D:3      | Noticed Natasha
  3230 | D:3      | Killed Natasha
  3257 | D:4      | Found Joyttup's Magic Scroll Shop.
  3345 | D:4      | Reached XP level 5. HP: 34/42 MP: 3/7
  3350 | D:4      | Learned a level 4 spell: Ice Form
  3576 | D:4      | HP: 2/44 [ufetubus (4)]
  3680 | D:4      | Noticed Robin
  3693 | D:4      | Killed Robin
  3761 | D:4      | Found Erematuk's General Store.
  3761 | D:4      | Noticed Blork the orc
  3769 | D:4      | Killed Blork the orc
  3770 | D:4      | Reached XP level 6. HP: 23/51 MP: 4/8
  4168 | D:4      | Noticed Sigmund
  4181 | D:4      | Killed Sigmund
  4182 | D:4      | Reached skill level 1 in Ice Magic
  4291 | D:4      | Reached * piety under Hepliaklqana
  4365 | D:4      | Reached XP level 7. HP: 51/52 MP: 9/9
  4422 | D:4      | Noticed Ijyb
  4428 | D:4      | Killed Ijyb
  4654 | D:4      | Bought a scroll of blinking for 82 gold pieces
  4654 | D:4      | Bought a scroll of enchant armour for 82 gold pieces
  4654 | D:4      | Bought a scroll of identify for 22 gold pieces
  4654 | D:4      | Bought a scroll of teleportation for 33 gold pieces
  4677 | D:4      | Found a runed translucent door.
  4678 | D:4      | Noticed Crazy Yiuf
  4768 | D:4      | Found an ornate altar of the Wu Jian Council.
  4825 | D:5      | Entered Level 5 of the Dungeon
  4825 | D:5      | Noticed Menkaure
  4825 | D:5      | Found a large runed translucent door.
  4825 | D:5      | Found a large runed translucent door.
  4836 | D:5      | Slain by Menkaure

Illustrated notes

Levels and vault maps discovered:
D:1:      lightli_arrival_maybe_door_vault, layout_loops_ring
D:2:      layout_loops_ring, hellmonk_ecumenical_altar_pennies_from_heaven,
          minmay_tromino_i2
D:3:      layout_basic, grunt_temple_overflow_open, fountainhead,
          minmay_misc_feat_secret_circle, uniq_natasha
D:4:      layout_gridville, nicolae_wu_jian_glorious_leap, serial_demonic,
          serial_demonic_a, serial_demonic_b, serial_demonic_b,
          serial_demonic_f, serial_demonic_c, serial_demonic_c,
          serial_demonic_c, serial_demonic_g, serial_shops,
          nicolae_shop_window_shopping, nicolae_stop_n_shop_1,
          solitary_fountain, uniq_sigmund, uniq_robin, uniq_blork_the_orc,
          uniq_ijyb, uniq_crazy_yiuf_cottage
D:5:      layout_rooms, mainiacjoe_overflow_concentric_impassable,
          temple_doors_e, minmay_hollow_rounded_squares, uniq_menkaure

Skill      XL: |  1  2  3  4  5  6 |
---------------+-------------------+-----
Fighting       | 2 3 |  3.9
Transmutations | 2 3 |  3.1
Dodging        | 3 4 |  4.2
Spellcasting   | 2 |  2.6
Unarmed Combat | 4 |  4.8
Ice Magic      | 1 |  1.3

Action                   |  1- 3 |  4- 6 |  7- 9 || total
-------------------------+-------+-------+-------++-------
Melee: Unarmed           |    99 |    75 |       ||   174
       Headbutt          |    14 |    19 |     1 ||    34
       Kick              |    11 |    19 |     2 ||    32
       Punch             |     1 |     3 |     1 ||     5
       War axe           |       |    37 |     8 ||    45
 Cast: Beastly Appendage |    25 |    15 |     1 ||    41
       Wereblood         |     5 |     9 |     1 ||    15
Invok: Ancestor Identity |       |     2 |       ||     2
  Use: Scroll            |     4 |     8 |     2 ||    14
       Potion            |       |     3 |       ||     3
 Stab: Sleeping          |       |     1 |       ||     1
Armor: Robe              |    12 |    20 |       ||    32
Dodge: Dodged            |    50 |    94 |    11 ||   155
